 Dungeon Crawl Stone Soup version 0.30.1-11-g7821555f0a (webtiles) character file.

Game seed: 8528747111237276482

287 comborobin the Chopper (level 6, -1/51 HPs)
             Began as a Hill Orc Delver on Dec 23, 2023.
             Slain by a centaur zombie (4 damage)
             ... in an ossuary.
             The game lasted 00:02:44 (335 turns).

comborobin the Chopper (Hill Orc Delver)             Turns: 335, Time: 00:02:45

Health: -1/51      AC:  3    Str: 21    XL:     6   Next: 30%
Magic:  6/6        EV: 16    Int: 10    God:
Gold:   16         SH:  0    Dex: 14    Spells: 5/5 levels left

rFire   . . .        l - +0 dire flail
rCold   . . .        (shield currently unavailable)
rNeg    . . .        b - +0 leather armour
rPois   .            (no helmet)
rElec   .            (no cloak)
rCorr   .            (no gloves)
SInv    .            (no boots)
Will    .....        (no amulet)
Stlth   +            i - +6 ring of strength
HPRegen 0.28/turn    j - +5 ring of evasion
MPRegen 0.10/turn

%: no passive effects
@: silenced
A: no striking features
a: no special abilities


You were in an ossuary.
You visited 1 branch of the dungeon, and saw 3 of its levels.
You also visited: Ossuary.

You collected 16 gold pieces.

Inventory:

Hand Weapons
 a - a +0 hand axe
 l - a +0 dire flail (weapon)
Armour
 b - a +0 leather armour (worn)
Jewellery
 i - a +6 ring of strength (left hand)
 j - a +5 ring of evasion (right hand)
Wands
 d - a wand of charming (7)
 g - a wand of digging (3)
Scrolls
 c - 2 scrolls of fog
 e - a scroll of fear
 k - a scroll of immolation {unknown}


   Skills:
 - Level 3.6 Fighting
 - Level 6.3(7.3) Axes
 + Level 4.4(5.6) Maces & Flails
 - Level 1.5 Dodging
 - Level 4.1 Stealth


You had 5 spell levels left.
You didn't know any spells.
Your spell library was empty.

Dungeon Overview and Level Annotations

Branches:
Dungeon (6/15)            Ossuary (1/1)
 Temple: D:4-7

Altars:

Shops:
D:6 (


Message History

The mummy is moderately damaged.
You hit the mummy.
The mummy is heavily damaged.
The mummy closely misses you.
You thump the mummy!
You destroy the mummy!
The centaur zombie closely misses you.
The centaur zombie kicks you but does no damage.
You hit the centaur zombie.
The centaur zombie is lightly damaged.
The centaur zombie hits you.
* * * LOW HITPOINT WARNING * * *
The centaur zombie kicks you.
* * * LOW HITPOINT WARNING * * *
You hit the centaur zombie.
The centaur zombie is moderately damaged.
The centaur zombie hits you but does no damage.
The centaur zombie barely misses you.
You hit the centaur zombie.
The centaur zombie is moderately damaged.
The centaur zombie hits you.
* * * LOW HITPOINT WARNING * * *
The centaur zombie closely misses you.
You hit the centaur zombie but do no damage.
The centaur zombie is moderately damaged.
The centaur zombie hits you but does no damage.
The centaur zombie barely misses you. The centaur zombie hits you.
* * * LOW HITPOINT WARNING * * *
The centaur zombie closely misses you.
You sock the centaur zombie!
The centaur zombie is severely damaged.
The centaur zombie hits you.
* * * LOW HITPOINT WARNING * * *
The centaur zombie misses you.
Okay, then.
You aren't carrying any potions.
As you read the scroll labelled DEIGEI RUAJ, it crumbles to dust.
A profound silence engulfs you.
It was a scroll of silence.
The centaur zombie hits you.
You die...

##≈ #~# #
#.~P#
###'#'#'#'#
#.'.~.~Z~~.
###.#####
#.'.#...#
###.'.∩.#
#@ZZ#..∩#
###.#####
#.'.'.#
###.### +.#
#.+ +.# #.#
+..


You could see 2 centaur zombies.

Vanquished Creatures
  A wyvern zombie (Ossuary)
  A bullfrog zombie (Ossuary)
  A centaur zombie (Ossuary)
  5 mummies (Ossuary)
8 creatures vanquished.

Vanquished Creatures (collateral kills)
  2 wights (D:6)
2 creatures vanquished.

Grand Total: 10 creatures vanquished

Notes
Turn   | Place    | Note
-------+----------+-------------------------------------------
     0 | D:5      | comborobin the Hill Orc Delver began the quest for the Orb.
     0 | D:5      | Reached XP level 1. HP: 19/19 MP: 1/1
    42 | D:5      | Noticed a jelly
    71 | D:6      | Found Voumezov's Antique Weapon Shoppe.
   155 | D:6      | Found a sand-covered staircase.
   159 | D:6      | Noticed a wight
   159 | D:6      | Noticed a wight
   161 | D:6      | Noticed a wight
   167 | D:6      | Killed a wight
   168 | D:6      | Reached skill level 5 in Axes
   168 | D:6      | Reached XP level 2. HP: 20/26 MP: 2/2
   168 | D:6      | Reached XP level 3. HP: 24/31 MP: 3/3
   177 | D:6      | Killed a wight
   178 | D:6      | Reached skill level 6 in Axes
   178 | D:6      | Reached XP level 4. HP: 33/39 MP: 4/4
   186 | Ossuary  | Entered an ossuary
   203 | Ossuary  | Reached skill level 1 in Maces & Flails
   203 | Ossuary  | Reached XP level 5. HP: 45/45 MP: 5/5
   320 | Ossuary  | Reached XP level 6. HP: 11/51 MP: 6/6
   335 | Ossuary  | Slain by a centaur zombie

Illustrated notes

Levels and vault maps discovered:
D:4:      layout_cave_pods, mainiacjoe_overflow_paths,
          minmay_temple_entry_arrows, dilly_guarded_unrand_morg, uniq_duvessa
D:5:      layout_basic, mainiacjoe_overflow_chevrons
D:6:      layout_gridville, mainiacjoe_overflow_24_doors,
          lemuel_coloured_pillars_altar, mainiacjoe_overflow_divided_tiny,
          nicolae_ossuary_entry_ruins, serial_shops, shop, roderic_lattice_a,
          minivault_24, glass_columns_a
Ossuary:  ossuary_zaba_flooded

Skill      XL: |  1  2  3  4  5 |
---------------+----------------+-----
Axes           | 5 6 |  6.3
Maces & Flails | 1 4 |  4.4
Fighting       | |  3.6
Dodging        | |  1.5
Stealth        | |  4.1

Action                     |  1- 3 |  4- 6 || total
---------------------------+-------+-------++-------
  Melee: Hand axe          |     3 |       ||     3
         Dire flail        |       |    56 ||    56
  Evoke: Wand              |     3 |       ||     3
    Use: Scroll            |     1 |     1 ||     2
         Potion            |       |     1 ||     1
 Armour: Leather armour    |     1 |    15 ||    16
  Dodge: Dodged            |     2 |    35 ||    37
